 Dungeon Crawl Stone Soup version 0.26.1-2-gb8aa6d0cf2 (webtiles) character file.

Game seed: 4290049192282617914

2872 Allula97 the Slasher (level 9, -1/68 HPs)
             Began as a Demonspawn Fighter on Feb 17, 2021.
             Was an Elder of Okawaru.
             Slain by an unseen horror (7 damage)
             ... on level 7 of the Dungeon.
             The game lasted 00:23:19 (6912 turns).

Allula97 the Slasher (Demonspawn Fighter)           Turns: 6912, Time: 00:23:20

Health: -1/68      AC: 14    Str: 20    XL:     9   Next: 47%
Magic:  12/12      EV:  9    Int: 10    God:    Okawaru [****..]
Gold:   397        SH: 15    Dex: 15    Spells: 8/8 levels left

rFire    . . .     SeeInvis .   a - +1 long sword
rCold    + + .     Faith    .   D - +0 tower shield
rNeg     + . .     Spirit   .   p - +0 ice dragon scales
rPois    .         Reflect  .   (no helmet)
rElec    .         Harm     .   (no cloak)
rCorr    +         Rampage  .   t - +2 pair of gloves of the Eagle {+Blink Str+3}
Will     +....                  (boots unavailable)
Stlth    +.........             (no amulet)
HPRegen  0.21/turn              i - ring of positive energy
MPRegen  0.13/turn              A - ring of resist corrosion

@: mighty, hasted, very quick
A: hooves 3, repulsion field 1, demonic guardian 2, fire resistance 1,
strong-willed 1
a: Renounce Religion, Evoke Blink, Heroism


You were on level 7 of the Dungeon.
You worshipped Okawaru.
Okawaru was greatly pleased with you.
You visited 2 branches of the dungeon, and saw 8 of its levels.

You collected 397 gold pieces.

Inventory:

Hand Weapons
 a - a +1 long sword (weapon)
 n - a cursed +0 dagger
 z - a +2 falchion of holy wrath
Missiles
 B - 3 curare-tipped darts (quivered)
Armour
 b - a +0 scale mail
 c - a +0 kite shield
 j - a +3 plate armour
 l - a +0 pair of gloves
 p - +0 ice dragon scales (worn)
 t - the +2 pair of gloves of the Eagle (worn) {+Blink Str+3}
   (You found it on level 6 of the Dungeon)

   It affects your strength (+3).
   It lets you blink.
 D - a +0 tower shield (worn)
Jewellery
 i - a ring of positive energy (left hand)
 A - a ring of resist corrosion (right hand)
Wands
 u - a wand of flame (14)
 y - a wand of polymorph (6)
 C - a wand of enslavement (5)
 E - a wand of paralysis (1)
Scrolls
 e - 4 scrolls of remove curse
 f - 2 scrolls of magic mapping {unknown}
 g - 7 scrolls of teleportation
 h - a scroll of amnesia {unknown}
 r - 3 scrolls of enchant weapon
Potions
 d - a potion of haste
 k - 2 potions of magic {unknown}
 o - 2 potions of might
 q - 2 potions of brilliance
 s - a potion of attraction
 w - a potion of resistance
 x - a potion of berserk rage {unknown}
 F - a potion of mutation


   Skills:
 * Level 5.4 Fighting
 * Level 6.8 Long Blades
 + Level 0.5 Throwing
 * Level 5.1 Armour
 * Level 3.2 Dodging
 * Level 4.2 Stealth
 * Level 5.7 Shields
 * Level 4.1 Invocations


You had 8 spell levels left.
You didn't know any spells.
Your spell library contained the following spells:

 Spells                   Type           Power        Failure   Level
 Sting                    Tmut/Pois      0%           100%        1
 Poisonous Vapours        Pois/Air       0%           100%        2
 Ignite Poison            Fire/Tmut/Pois 0%           100%        3
 Mephitic Cloud           Conj/Pois/Air  0%           100%        3
 Olgreb's Toxic Radiance  Pois           0%           100%        4


Dungeon Overview and Level Annotations

Branches:
Dungeon (7/15)             Temple (1/1) D:5

Altars:
Ashenzari
Cheibriados
Dithmenos
Elyvilon
Fedhas
Kikubaaqudgha
Makhleb
Nemelex Xobeh
Okawaru
Qazlal
Ru
Sif Muna
Trog
Uskayaw
Vehumet
Wu Jian
Zin
The Shining One


Innate Abilities, Weirdness & Mutations

You have hooves in place of feet.
You are surrounded by a mild repulsion field. (EV +2)
A demonic guardian rushes to your aid.
Your flesh is heat resistant. (rF+)
You are strong-willed. (Will+)


Message History

Okawaru accepts your kill. Something hits you.
* * * LOW HITPOINT WARNING * * *
You block something's attack. Something hits you but does no damage.
Something hits you but does no damage.
You miss something. Your kick misses something. You block something's attack.
You swing at nothing.
Something hits you but does no damage.
You swing at nothing.
Something hits you but does no damage.
You swing at nothing.
Something hits you.
* * * LOW HITPOINT WARNING * * *
You swing at nothing.
Something hits you.
* * * LOW HITPOINT WARNING * * *
You swing at nothing.
Something hits you.
* * * LOW HITPOINT WARNING * * *
Something hits you but does no damage. Something hits you but does no damage.
You feel yourself speed up. Something hits you but does no damage.
You feel very mighty all of a sudden.
You closely miss something. You kick something. Something hits you!
You die...

#...............#
.............$..#
#......<......).##
.#............)...#
.........)...(...##
#...............)##
#......##.....#...##
........##....##...#
........##@........#
...................#
........##.........#
....<....#.....##..#
.........###..## ###
#........5##..#
##....###..)..#
#.... ##.#### #....
#..#


There were no monsters in sight!

Vanquished Creatures
  The ghost of mandor the Insei, a novice OpTm of Gozag (D:6)
  A wraith (D:6)
  Edmund (D:5)
  An ice beast (D:2)
  2 centaurs
  A bullfrog (D:6)
  2 scorpions
  3 wights (D:6)
  A howler monkey (D:6)
  A jelly (D:5)
  A bullfrog zombie (D:6)
  A hound (D:6)
  A centaur skeleton (D:4)
  3 orc priests
  A bullfrog skeleton (D:4)
  5 orc wizards
  2 worker ants (D:4)
  A mummy (D:6)
  18 gnolls
  11 adders
  A shadow imp (D:5)
  2 white imps
  An ufetubus (D:5)
  2 oozes
  An adder skeleton (D:4)
  4 worms
  A dart slug (D:1)
  3 leopard geckos
  16 orcs
  4 bats
  8 giant cockroaches
  8 goblins
  13 hobgoblins
  8 jackals
  13 kobolds
  2 ball pythons (D:2)
  5 frilled lizards
  8 rats
158 creatures vanquished.

Vanquished Creatures (collateral kills)
  The ghost of kirsanium the Covert, a novice GnDe of Gozag (D:5)
  Maggie (D:7)
  An orc warrior (D:6)
  2 ogres
  A phantom (D:6)
  A necrophage (D:6)
  The ghost of Tali the Chopper, an amateur DsBe of Trog (D:3)
  2 wights (D:6)
  A bullfrog zombie (D:6)
  A jelly (D:6)
  An orc priest (D:6)
  A bullfrog skeleton (D:4)
  2 orc wizards
  Ijyb (D:5)
  A hound zombie (D:6)
  A gnoll (D:2)
  An adder zombie (D:6)
  2 orcs
  3 jackals (D:4)
  2 kobolds (D:5)
27 creatures vanquished.

Vanquished Creatures (others)
  A fungus (D:5)
1 creature vanquished.

Grand Total: 186 creatures vanquished

Notes
Turn   | Place    | Note
-------+----------+-------------------------------------------
     0 | D:1      | Allula97 the Demonspawn Fighter began the quest for the
                  | Orb.
     0 | D:1      | Reached XP level 1. HP: 18/18 MP: 1/1
   181 | D:1      | Gained mutation: You have large cloven feet. [demonic
                  | ancestry]
   181 | D:1      | Reached XP level 2. HP: 24/24 MP: 2/2
   564 | D:1      | Reached skill level 2 in Long Blades
   907 | D:2      | Found a broken altar of Ashenzari.
   942 | D:2      | Gained mutation: A weak demonic guardian rushes to your
                  | aid. [demonic ancestry]
   942 | D:2      | Reached XP level 3. HP: 16/29 MP: 3/3
  1197 | D:2      | Gained mutation: A demonic guardian rushes to your aid.
                  | [demonic ancestry]
  1197 | D:2      | Reached XP level 4. HP: 31/35 MP: 4/4
  1322 | D:2      | Reached skill level 1 in Stealth
  1578 | D:2      | Found a sparkling altar of Nemelex Xobeh.
  1768 | D:2      | Noticed an ice beast
  1778 | D:2      | Killed an ice beast
  1779 | D:2      | Reached skill level 3 in Long Blades
  1779 | D:2      | Reached skill level 1 in Dodging
  1779 | D:2      | Reached XP level 5. HP: 35/41 MP: 5/5
  2712 | D:3      | Gained mutation: You have hoof-like feet. [demonic
                  | ancestry]
  2712 | D:3      | Reached XP level 6. HP: 42/48 MP: 6/6
  2766 | D:3      | Found an iron altar of Okawaru.
  2802 | D:3      | Became a worshipper of Warmaster Okawaru
  2985 | D:3      | Found a shadowy altar of Dithmenos.
  3233 | D:3      | Found a large runed translucent door.
  3233 | D:3      | Found a large runed translucent door.
  3234 | D:3      | Noticed Tali's ghost (amateur DsBe)
  3443 | D:3      | Killed Tali's ghost
  3444 | D:3      | Reached skill level 4 in Long Blades
  3551 | D:4      | Gained mutation: You are surrounded by a mild repulsion
                  | field. (EV +2) [demonic ancestry]
  3551 | D:4      | Reached XP level 7. HP: 48/53 MP: 7/7
  3602 | D:4      | Reached skill level 1 in Invocations
  3622 | D:4      | Found a blossoming altar of Fedhas.
  3696 | D:4      | Gained mutation: You are strong-willed. (Will+) [potion of
                  | mutation]
  3696 | D:4      | Gained mutation: Your spells are a little harder to cast,
                  | but a little more powerful. [potion of mutation]
  3938 | D:4      | Reached * piety under Okawaru
  4509 | D:5      | Entered Level 5 of the Dungeon
  4534 | D:5      | Found a bloodstained altar of Trog.
  4633 | D:5      | Found a staircase to the Ecumenical Temple.
  4659 | Temple   | Entered the Ecumenical Temple
  4961 | D:5      | Found a glowing golden altar of the Shining One.
  5018 | D:5      | Found a runed translucent gate.
  5018 | D:5      | Found a runed translucent gate.
  5018 | D:5      | Found a runed translucent gate.
  5022 | D:5      | Noticed kirsanium's ghost (novice GnDe)
  5044 | D:5      | Killed kirsanium's ghost
  5044 | D:5      | Reached ** piety under Okawaru
  5045 | D:5      | Reached skill level 5 in Long Blades
  5045 | D:5      | Reached XP level 8. HP: 55/61 MP: 6/9
  5218 | D:5      | Noticed Edmund
  5235 | D:5      | Killed Edmund
  5318 | D:5      | Noticed Ijyb
  5320 | D:5      | Paralysed by Ijyb for 3 turns
  5322 | D:5      | Killed Ijyb
  5446 | D:5      | Lost mutation: You are strong-willed. (Will+) [potion of
                  | mutation]
  5446 | D:5      | Lost mutation: Your spells are a little harder to cast, but
                  | a little more powerful. [potion of mutation]
  5446 | D:5      | Gained mutation: You have hooves in place of feet. [potion
                  | of mutation]
  5446 | D:5      | Gained mutation: You are strong-willed. (Will+) [potion of
                  | mutation]
  5759 | D:6      | Noticed mandor's ghost (novice OpTm)
  5784 | D:6      | Found a transporter.
  5808 | D:6      | Found a transporter.
  5852 | D:6      | Reached skill level 6 in Long Blades
  5867 | D:6      | Reached *** piety under Okawaru
  6159 | D:6      | Reached skill level 5 in Shields
  6250 | D:6      | Found a white marble altar of Elyvilon.
  6251 | D:6      | Found a snail-covered altar of Cheibriados.
  6458 | D:6      | Gained mutation: Your flesh is heat resistant. (rF+)
                  | [demonic ancestry]
  6458 | D:6      | Reached XP level 9. HP: 61/66 MP: 11/11
  6561 | D:6      | Found an ancient bone altar of Kikubaaqudgha.
  6561 | D:6      | Found an ornate altar of the Wu Jian Council.
  6707 | D:6      | Got a pair of crude gloves
  6722 | D:6      | Killed mandor's ghost
  6728 | D:6      | Reached skill level 5 in Armour
  6729 | D:6      | Reached skill level 5 in Fighting
  6778 | D:6      | Identified the +2 pair of gloves of the Eagle {+Blink
                  | Str+3} (You found it on level 6 of the Dungeon)
  6826 | D:7      | Noticed Maggie
  6839 | D:7      | Killed Maggie
  6839 | D:7      | Reached **** piety under Okawaru
  6889 | D:7      | HP: 1/68 [something (8)]
  6912 | D:7      | Slain by an unseen horror

Illustrated notes

Levels and vault maps discovered:
D:1:      shiori_arrival_maze, layout_loops_ring
D:2:      layout_loops_corners, nicolae_overflow_hidden_temple,
          nemelex_xobeh_ov_fountains_minmay, feat_on_display
D:3:      layout_rooms, old_standard_altar, ebering_ghost_disaster_area,
          grunt_ministairs_14, okawaru_altar_gauntlet_db
D:4:      layout_loops_cross, fedhas_altar_4
D:5:      layout_gridville, lemuel_doored_altar, tso_metal_star,
          minmay_temple_entry_drinking_statues, gammafunk_ghost_nasty_kobolds,
          uniq_ijyb, uniq_edmund
D:6:      layout_loops_ring, chequers_temple_overflow_statue_of_worship,
          gammafunk_temple_overflow_wave, gammafunk_ghost_mausoleum,
          minmay_misc_feat_x
D:7:      layout_cave_pools, basic_altar, uniq_maggie
Temple:   kb_temple_of_zot

Skill      XL: |  1  2  3  4  5  6  7  8  9 |
---------------+----------------------------+-----
Long Blades    | 2 3 4 5 6 |  6.8
Shields        | 3 4 5 |  5.7
Armour         | 3 4 5 |  5.1
Stealth        | 1 2 3 4 |  4.2
Dodging        | 1 2 3 |  3.2
Invocations    | 2 3 4 |  4.1
Fighting       | 4 5 |  5.4
Throwing       | |  0.5

Action                   |  1- 3 |  4- 6 |  7- 9 || total
-------------------------+-------+-------+-------++-------
Melee: Long sword        |    60 |   196 |   252 ||   508
       Kick              |    13 |    47 |    96 ||   156
Throw: Dart              |       |       |     2 ||     2
Invok: Heroism           |       |       |     2 ||     2
Evoke: Wand              |       |       |     6 ||     6
  Use: Scroll            |     1 |     1 |     8 ||    10
       Potion            |     1 |       |    11 ||    12
Armor: Scale mail        |    14 |       |       ||    14
       Plate armour      |    22 |    66 |       ||    88
       Ice dragon scales |       |    66 |   145 ||   211
Dodge: Dodged            |    16 |    59 |    76 ||   151
Block: Kite shield       |    29 |   153 |    47 ||   229
       Tower shield      |       |       |   134 ||   134
       Rpst.: Long sword |     7 |    19 |    27 ||    53
